 Dungeon Crawl Stone Soup version 0.17-a0-1910-g4c791fa (webtiles) character file.

804 DecibelRebel the Changer (level 7, -7/52 HPs)
             Began as a Mottled Draconian Transmuter on Sept 26, 2015.
             Was a Follower of Sif Muna.
             Mangled by an ice beast (11 damage)
             ... on level 5 of the Dungeon.
             The game lasted 00:18:52 (4620 turns).

DecibelRebel the Changer (DrTm)                     Turns: 4620, Time: 00:18:53

Health: -7/52      AC: 10    Str: 12    XL:     7   Next: 60%
Magic:  7/10       EV: 12    Int: 14    God:    Sif Muna [*.....]
Gold:   341        SH:  0    Dex: 13    Spells: 4 memorised, 0 levels left

rFire  . . .     SeeInvis .       - Unarmed
rCold  . . .     Clarity  .     (armour unavailable)
rNeg   . . .     SustAt   .     (no shield)
rPois  .         Gourm    .     (helmet restricted)
rElec  .         Spirit   .     (no cloak)
rCorr  .         Warding  .     d - +1 pair of gloves
rMut   .         Stasis   .     (no boots)
MR     .....                    (no amulet)
Stlth  +.........               (no ring)
                                (no ring)

@: appendage, stone skin, slowed, very slow, not resistant to hostile
enchantments, very unstealthy
A: breathe sticky flame splash, unfitting armour, horns 2, cold-blooded, AC +6
a: Breathe Sticky Flame, End Transformation, Channel Energy, Renounce Religion


You were on level 5 of the Dungeon.
You worshipped Sif Muna.
Sif Muna was aware of your devotion.
You were near starving.
You had grown temporary horns.
You visited 1 branch of the dungeon, and saw 5 of its levels.
You also visited: Sewer.

You collected 341 gold pieces.

Inventory:

Missiles
 a - 43 arrows
Armour
 d - a +1 pair of gloves (worn)
Jewellery
 f - a +3 ring of protection {unknown}
 p - a +3 ring of intelligence {unknown}
Magical devices
 o - a wand of draining (10)
Scrolls
 t - 2 scrolls of identify
 u - a scroll of enchant armour {unknown}
 v - a scroll of enchant weapon {unknown}
 w - a scroll of fear {unknown}
Potions
 e - a potion of flight
 g - 2 potions of agility
 i - 2 potions of degeneration
 j - 2 potions of lignification {unknown}
 l - a potion of poison {unknown}
 m - 2 potions of mutation {unknown}
 n - a potion of invisibility {unknown}
 q - 2 potions of might {unknown}
Books
 b - a book of Changes

   Spells                             Type                      Level
   a - Beastly Appendage              Transmutation                1
   b - Sticks to Snakes               Transmutation                2
   c - Spider Form                    Transmutation/Poison         3
   d - Ice Form                       Ice/Transmutation            4
   e - Blade Hands                    Transmutation                5
 r - a book of Transfigurations

   Spells                             Type                      Level
   a - Stoneskin                      Transmutation/Earth          2
   b - Irradiate                      Conjuration/Transmutation    5
   c - Statue Form                    Transmutation/Earth          6
   d - Hydra Form                     Transmutation                6
   e - Dragon Form                    Transmutation                7
Comestibles
 c - 2 bread rations
 h - a slice of pizza
 k - 2 meat rations


   Skills:
 - Level 1.1 Fighting
 - Level 2.0 Dodging
 - Level 6.1 Unarmed Combat
 - Level 2.0 Spellcasting
 * Level 6.8 Transmutations


You couldn't memorise any spells.
You knew the following spells:

 Your Spells              Type           Power        Failure   Level  Hunger
a - Beastly Appendage     Trmt           ###...       1%          1    ##.....
b - Spider Form           Trmt/Pois      ##........   21%         3    ####...
c - Ice Form              Ice/Trmt       ##......     71%         4    #####..
d - Stoneskin             Trmt/Erth      ##......     12%         2    ###....


Dungeon Overview and Level Annotations

Branches:
Dungeon (5/15)
 Temple: D:4-7

Altars:
Dithmenos
Elyvilon
Okawaru
Ru
Sif Muna
Yredelemnul
Zin

Shops:
D:4 %


Innate Abilities, Weirdness & Mutations

You can spit globs of burning liquid.
You can ignite nearby creatures when you spit burning liquid.
Your weird mottled scales are hard (AC +6).
Your body does not fit into most forms of armour.
You are cold-blooded and may be slowed by cold attacks.
You have a pair of horns on your head.


Message History

You grow a pair of large bovine horns.
The ice beast barely misses you.
Casting: Beastly Appendage
Confirm with . or Enter, or press ? or * to list all spells.
Your skin hardens.
You are near starving!
The ice beast hits you. The ice beast freezes you!
* * * LOW HITPOINT WARNING * * *
Unknown command.
Drink which item? (? for menu, Esc to quit)
You feel better. The ice beast hits you.
* * * LOW HITPOINT WARNING * * *
The ice beast freezes you!
You feel yourself slow down.
* * * LOW HITPOINT WARNING * * *
You hit the ice beast but do no damage.
The ice beast is lightly wounded.
The ice beast hits you.
* * * LOW HITPOINT WARNING * * *
The ice beast freezes you!
You feel as though you will be slow longer.
You die...

##...#.......
##.......#####
#.........##
#..<#......##
#..##..###..##
##.##..# ##..#
#.###.# ##..
################.#
#.# #..
.)........Y@)....#
#.. #..
.######.######...#
..#
#...........##..#
.##
#.####.####.##...#
. ... #..## ##
##.## #..# ...
..## ._. (## ...


You could see an ice beast.

Vanquished Creatures
  The ghost of Zigma the Ruffian, an average DrTm of Yredelemnul (D:3)
  Duvessa (D:4)
  2 sky beasts (D:5)
  A crocodile (Sewer)
  Blork the orc (D:5)
  Dowan (D:4)
  A centaur zombie (D:5)
  A jelly (D:4)
  3 adders
  A river rat (D:4)
  A shadow imp (D:5)
  An ooze (D:5)
  3 worms
  A giant gecko (D:2)
  3 orcs
  A ball python (D:4)
  5 bats
  4 giant cockroaches
  7 goblins
  6 hobgoblins
  9 jackals
  A giant gecko skeleton (D:5)
  A giant gecko zombie (D:5)
  4 giant newts
  12 kobolds
  13 rats
85 creatures vanquished.

Notes
Turn   | Place    | Note
--------------------------------------------------------------
     0 | D:1      | DecibelRebel the Draconian Transmuter began the quest for the Orb.
     0 | D:1      | Reached XP level 1. HP: 16/16 MP: 3/3
   372 | D:1      | Reached XP level 2. HP: 23/23 MP: 5/5
   799 | D:1      | Reached skill level 4 in Unarmed Combat
   856 | D:1      | Reached XP level 3. HP: 28/28 MP: 6/6
  1303 | D:2      | Found a shadowy altar of Dithmenos.
  1347 | D:2      | Learned a level 3 spell: Spider Form
  1779 | D:2      | Found a deep blue altar of Sif Muna.
  1829 | D:2      | Became a worshipper of Sif Muna the Loreminder
  2204 | D:2      | Reached XP level 4. HP: 33/35 MP: 7/7
  2248 | D:3      | Noticed Zigma's ghost (average DrTm)
  2275 | D:3      | Killed Zigma's ghost
  2275 | D:3      | Reached skill level 6 in Unarmed Combat
  2275 | D:3      | Reached XP level 5. HP: 18/40 MP: 4/8
  2304 | D:3      | Learned a level 4 spell: Ice Form
  3090 | D:4      | Noticed Duvessa
  3097 | D:4      | Noticed Dowan
  3100 | D:4      | Killed Duvessa
  3100 | D:4      | Reached XP level 6. HP: 47/47 MP: 5/9
  3113 | D:4      | Killed Dowan
  3145 | D:4      | Found a glowing drain.
  3153 | Sewer    | Entered a sewer
  3225 | Sewer    | HP: 1/47 [crocodile (6)]
  3228 | Sewer    | Acquired Sif Muna's first power
  3525 | D:4      | Found an iron altar of Okawaru.
  3577 | D:4      | Reached skill level 5 in Transmutations
  3579 | D:4      | Found Kacyll's Food Shop.
  3634 | D:4      | Found a white marble altar of Elyvilon.
  3958 | D:5      | Entered Level 5 of the Dungeon
  4044 | D:5      | Found a basalt altar of Yredelemnul.
  4044 | D:5      | Found a glowing silver altar of Zin.
  4044 | D:5      | Found a sacrificial altar of Ru.
  4067 | D:5      | Your scales start taking on a weird mottled colour.
  4067 | D:5      | Reached XP level 7. HP: 50/52 MP: 10/10
  4135 | D:5      | Noticed Blork the orc
  4150 | D:5      | Killed Blork the orc
  4222 | D:5      | Learned a level 2 spell: Stoneskin
  4588 | D:5      | Found a sacrificial altar of Ru.
  4620 | D:5      | Mangled by an ice beast

Vault maps used:
D:1:      minmay_arrival_solitary_statue, minmay_box_of_dots
D:2:      grunt_dithmenos_smoke_and_mirrors, led_sif_pool, first_bread,
          kennysheep_generic_room_5
D:4:      okawaru_metal_pillars_1_2, kennysheep_mini_moat, serial_curves,
          eino_curves_01, eino_curves_01, portal_sewer_entry_a, serial_shops,
          shop, uniq_duvessa
D:5:      gammafunk_temple_overflow_claw, nicolae_ru_sacrificial_ziggurat,
          uniq_blork_the_orc
Sewer:    sewer_the_crocodile

Action                   |  1- 3 |  4- 6 |  7- 9 || total
-------------------------+-------+-------+-------++-------
Melee: Unarmed           |   194 |   106 |    49 ||   349
 Cast: Beastly Appendage |    10 |     7 |     6 ||    23
       Spider Form       |       |     5 |     2 ||     7
       Stoneskin         |       |       |     2 ||     2
 Abil: Breathe Sticky Fl |       |       |     1 ||     1
  Use: Scroll            |     4 |     4 |       ||     8
       Potion            |       |     3 |     1 ||     4
 Stab: Sleeping          |     1 |       |       ||     1
  Eat: Chunk             |     3 |     3 |     2 ||     8
       Bread ration      |     1 |       |       ||     1
